 Dungeon Crawl Stone Soup version 0.31-a0-193-gdfe2569204 (webtiles) character file.

Game seed: 4318650715360897232

830 qw the Skirmisher (level 7, -3/40 HPs)
             Began as a Deep Elf Hunter on June 23, 2023.
             Slain by Prince Ribbit (9 damage)
             ... on level 7 of the Dungeon.
             The game lasted 00:01:17 (2931 turns).

qw the Skirmisher (Deep Elf Hunter)                 Turns: 2931, Time: 00:01:17

Health: -3/40      AC:  6    Str: 10    XL:     7   Next: 65%
Magic:  9/9        EV: 11    Int: 14    God:
Gold:   198        SH:  0    Dex: 18    Spells: 6/6 levels left

rFire   . . .        n - +0 orcbow
rCold   . . .        (shield currently unavailable)
rNeg    . . .        c - +0 ring mail
rPois   +            (no helmet)
rElec   .            (no cloak)
rCorr   .            (no gloves)
SInv    .            a - +0 pair of boots
Will    .....        (no amulet)
Stlth   +            k - ring of poison resistance
HPRegen 0.26/turn    (no ring)
MPRegen 0.11/turn

%: no passive effects
@: no status effects
A: no striking features
a: no special abilities


You were on level 7 of the Dungeon.
You visited 1 branch of the dungeon, and saw 5 of its levels.

You collected 198 gold pieces.


   Skills:
 - Level 2.4 Fighting
 + Level 11.1 Ranged Weapons
 - Level 1.9 Armour
 - Level 3.6 Dodging
 - Level 1.2 Stealth


You had 6 spell levels left.
You didn't know any spells.
Your spell library was empty.

Inventory:

Hand Weapons
 n - a +0 orcbow (weapon)
Armour
 a - a +0 pair of boots (worn)
 c - a +0 ring mail (worn)
Jewellery
 j - a ring of ice
 k - a ring of poison resistance (left hand)
 p - a ring of wizardry
Scrolls
 b - a scroll of identify
 f - a scroll of teleportation {unknown}
 o - a scroll of blinking {unknown}
Potions
 d - a potion of heal wounds {unknown}
 e - a potion of haste {unknown}
 g - 5 potions of curing
 h - a potion of brilliance {unknown}
 i - a potion of degeneration {unknown}
 l - a potion of enlightenment {unknown}
 m - a potion of mutation {unknown}

Dungeon Overview and Level Annotations

Branches:
Dungeon (4/15)
 Temple: D:4-7

Altars:

Shops:
D:3 =

Annotations:
D:7 Prince Ribbit


Message History

n - a +0 orcbow (weapon)
2895 ||| DROPPING +3 shortbow.
You drop a +3 shortbow.
You now have 181 gold pieces (gained 11).
You now have 198 gold pieces (gained 17).
An electric eel comes into view.
You shoot an arrow. The arrow hits the electric eel!
The electric eel is moderately wounded.
You shoot an arrow. The arrow hits the electric eel!
You kill the electric eel!
Found a stone staircase leading down.
p - a ring of wizardry Prince Ribbit comes into view.
You shoot an arrow. The arrow hits Prince Ribbit.
Prince Ribbit croaks.
Prince Ribbit is lightly wounded.
You shoot an arrow. The arrow barely misses Prince Ribbit.
You shoot an arrow. The arrow closely misses Prince Ribbit.
Prince Ribbit blinks!
Prince Ribbit blinks!
You shoot an arrow. The arrow hits Prince Ribbit.
Prince Ribbit is lightly wounded.
Prince Ribbit asks, "Just a little smooch?"
You shoot an arrow. The arrow barely misses Prince Ribbit.
Prince Ribbit closely misses you.
You shoot an arrow. The arrow closely misses Prince Ribbit.
Prince Ribbit hits you.
You shoot an arrow. The arrow barely misses Prince Ribbit.
Prince Ribbit hits you. x2
You shoot an arrow.
The arrow completely misses Prince Ribbit.
Prince Ribbit hits you.
You shoot an arrow. The arrow misses Prince Ribbit.
Prince Ribbit hits you. Prince Ribbit hits you!
You shoot an arrow. The arrow hits Prince Ribbit!
Prince Ribbit is moderately wounded.
Prince Ribbit hits you.
You shoot an arrow. The arrow hits Prince Ribbit!
Prince Ribbit is heavily wounded.
Prince Ribbit hits you!
You die...

#....#..## ....#....
.....#..#####.......
..))..#............ ##
...))####...#....# ..#
..#...# #...#....##..#
.###....#.#.........##
## #.##...#..........#
# ####.###.##....#..#
. .... #.....@....# .
... ##~~~~~#F#....#
.## ....~###~#.# .>..
..##~~ ~~... . . .
#~~#~~##.. #~ #~~# ...
#~~. ...# ~~~# ..##


You could see Prince Ribbit.

Vanquished Creatures
  Grinder (D:3)
  A sky beast (D:7)
  An ogre (D:4)
  A phantom (D:4)
  A centaur (D:7)
  2 scorpions
  An electric eel (D:7)
  3 adders
  A shadow imp (D:7)
  An ufetubus (D:4)
  2 dart slugs (D:3)
  12 orcs
  7 bats
  6 endoplasms
  4 giant cockroaches
  7 goblins
  4 hobgoblins
  10 jackals
  4 quokkas
  4 ball pythons
  3 frilled lizards
  11 kobolds
  9 rats
96 creatures vanquished.

Notes
Turn   | Place    | Note
-------+----------+-------------------------------------------
     0 | D:1      | qw the Deep Elf Hunter began the quest for the Orb.
     0 | D:1      | Reached XP level 1. HP: 12/12 MP: 3/3
     0 | D:1      | 0 ||| qw: Version: 0.3-a-9-g12657ce
     0 | D:1      | 0 ||| qw: Game counter: 4617
     0 | D:1      | 0 ||| qw: Always use a shield: true
     0 | D:1      | 0 ||| qw: God list: Okawaru
     0 | D:1      | 0 ||| qw: Allow faded altars: false
     0 | D:1      | 0 ||| qw: Do Orc after D:15 true
     0 | D:1      | 0 ||| qw: Do second Lair branch before Depths: true
     0 | D:1      | 0 ||| qw: Lair rune preference: random
     0 | D:1      | 0 ||| qw: Plans: Normal
     0 | D:1      | 0 ||| PLANNING D:1-11
    78 | D:1      | Reached XP level 2. HP: 16/16 MP: 4/4
    79 | D:1      | Reached skill level 6 in Ranged Weapons
   516 | D:1      | Reached XP level 3. HP: 20/20 MP: 5/5
   595 | D:1      | 595 ||| UPGRADING to +0 scale mail.
   605 | D:1      | 605 ||| DROPPING +0 leather armour.
   606 | D:1      | 606 ||| READING 3 scrolls labelled ESKUFA FIV FEO.
   607 | D:1      | 607 ||| READING 2 scrolls of enchant weapon.
   607 | D:1      | 607 ||| ENCHANTING +1 shortbow.
   608 | D:1      | 608 ||| READING scroll of enchant weapon.
   608 | D:1      | 608 ||| ENCHANTING +2 shortbow.
   609 | D:1      | 609 ||| READING scroll labelled OGAPHULLIVOE.
   610 | D:1      | 610 ||| DROPPING scroll of butterflies.
   654 | D:2      | 654 ||| FLEEEEING.
   655 | D:2      | 655 ||| FLEEEEING.
   657 | D:2      | 657 ||| STAIRDANCE
   851 | D:2      | Reached skill level 7 in Ranged Weapons
  1484 | D:2      | 1484 ||| UPGRADING to +0 pair of boots.
  1489 | D:2      | 1489 ||| READING 3 scrolls labelled FEWNON XEBEFRIPN.
  1490 | D:2      | 1490 ||| READING scroll labelled PEPYBYPOIT.
  1591 | D:2      | 1591 ||| READING scroll labelled OXTOKL EP ZYA.
  1592 | D:2      | 1592 ||| DRINKING 4 grey potions.
  1593 | D:2      | 1593 ||| DROPPING 2 scrolls of vulnerability.
  1595 | D:2      | 1595 ||| Stepping ~*~*~tactically~*~*~ (cloud).
  1595 | D:2      | HP: 5/20 [poisoned by you (poison gas)]
  1596 | D:2      | 1596 ||| DRINKING 3 potions of curing.
  1596 | D:2      | 1596 ||| (to cure poison)
  1694 | D:3      | Reached XP level 4. HP: 25/25 MP: 6/6
  1775 | D:3      | Noticed Grinder
  1783 | D:3      | Paralysed by Grinder for 4 turns
  1792 | D:3      | 1792 ||| FLEEEEING.
  1793 | D:3      | 1793 ||| FLEEEEING.
  1794 | D:3      | 1794 ||| FLEEEEING.
  1795 | D:3      | 1795 ||| FLEEEEING.
  1796 | D:3      | 1796 ||| FLEEEEING.
  1797 | D:3      | 1797 ||| STAIRDANCE
  1852 | D:2      | 1852 ||| READING 3 scrolls labelled AMOXIT EMEKLUW.
  1853 | D:2      | 1853 ||| READING 2 scrolls of identify.
  1853 | D:2      | 1853 ||| IDENTIFYING ruby potion
  1854 | D:2      | 1854 ||| DROPPING potion of invisibility.
  1856 | D:3      | Paralysed by Grinder for 2 turns
  1862 | D:3      | Paralysed by Grinder for 5 turns
  1869 | D:3      | Killed Grinder
  1870 | D:3      | Reached skill level 9 in Ranged Weapons
  1870 | D:3      | Reached XP level 5. HP: 29/29 MP: 7/7
  1870 | D:3      | Reached XP level 6. HP: 34/34 MP: 8/8
  1898 | D:3      | Found Vaolomuann's Jewellery Shop.
  1903 | D:3      | 1903 ||| SHOPLISTING +4 ring of protection (432 gold, have
                  | 48).
  1903 | D:3      | 1903 ||| SHOPLISTING ring "Vemistum" {Fire rElec Will+
                  | Str+3 Dex-5 Stlth+} (518 gold, have 48).
  1903 | D:3      | 1903 ||| SHOPLISTING ring of ice (300 gold, have 48).
  1903 | D:3      | 1903 ||| SHOPLISTING ring of protection from fire (300
                  | gold, have 48).
  2363 | D:3      | 2363 ||| UPGRADING to +0 ring mail.
  2373 | D:3      | 2373 ||| DROPPING +0 scale mail.
  2374 | D:3      | 2374 ||| UPGRADING to ring of poison resistance.
  2375 | D:3      | 2375 ||| DRINKING 2 orange potions.
  2376 | D:3      | 2376 ||| DROPPING potion of attraction.
  2464 | D:4      | Reached skill level 10 in Ranged Weapons
  2681 | D:4      | Reached skill level 3 in Dodging
  2681 | D:4      | Reached XP level 7. HP: 40/40 MP: 9/9
  2755 | D:4      | You fall into a shaft and drop 3 floors!
  2764 | D:7      | Reached skill level 1 in Armour
  2889 | D:7      | Reached skill level 11 in Ranged Weapons
  2894 | D:7      | 2894 ||| SWAPPING to +0 orcbow.
  2895 | D:7      | 2895 ||| DROPPING +3 shortbow.
  2919 | D:7      | Noticed Prince Ribbit
  2929 | D:7      | HP: 8/40 [Prince Ribbit (11)]
  2931 | D:7      | Slain by Prince Ribbit

Levels and vault maps discovered:
D:1:      tarquinn_simple_flora_water_d, layout_rooms,
          minmay_misc_feat_nine_boxes, interstate_on_off
D:2:      layout_basic, minmay_tetromino_i4
D:3:      layout_loops_ring, serial_shops, shop, uniq_grinder
D:4:      layout_basic, grunt_temple_overflow_gold_and_silver
D:7:      layout_cave_pools, minmay_crystal_water, kennysheep_generic_room_4,
          uniq_prince_ribbit1

Skill      XL: |  1  2  3  4  5  6  7 |
---------------+----------------------+-----
Ranged Weapons | 6 7 9 10 11 | 11.1
Fighting       | 2 |  2.4
Dodging        | 3 |  3.6
Armour         | 1 |  1.9
Stealth        | |  1.2

Action                     |  1- 3 |  4- 6 |  7- 9 || total
---------------------------+-------+-------+-------++-------
   Fire: Shortbow          |   120 |   101 |    41 ||   262
         Orcbow            |       |       |    13 ||    13
    Use: Scroll            |     7 |     2 |       ||     9
         Potion            |     2 |     1 |       ||     3
 Armour: Leather armour    |     2 |       |       ||     2
         Scale mail        |    15 |    12 |       ||    27
         Ring mail         |       |     1 |     5 ||     6
  Dodge: Dodged            |    30 |    13 |     8 ||    51

Table legend:
 A = Non-vault XP
 B = Vault XP
 C = Vault XP percentage of total XP
 D = Non-vault monster count
 E = Vault monster count
 F = Vault count percentage of total count
                 A         B        C        D         E       F
            +---------+---------+-------+---------+---------+-------
      Total |     896 |     290 |  24.5 |      93 |       3 |   3.1
            +---------+---------+-------+---------+---------+-------
        D:1 |      54 |       0 |   0.0 |      35 |       0 |   0.0
        D:2 |      26 |       4 |  13.3 |      17 |       2 |  10.5
        D:3 |      60 |     286 |  82.7 |      16 |       1 |   5.9
        D:4 |     354 |       0 |   0.0 |      15 |       0 |   0.0
        D:7 |     402 |       0 |   0.0 |      10 |       0 |   0.0
            +---------+---------+-------+---------+---------+-------
